 Dungeon Crawl Stone Soup version 0.21-a0-213-gae198ad (webtiles) character file.

51 Manul the Sneak (level 3, 0/18 HPs)
             Began as a Vine Stalker Assassin on Aug 22, 2017.
             Succumbed to an adder's poison
             ... on level 2 of the Dungeon.
             The game lasted 00:00:59 (819 turns).

Manul the Sneak (Vine Stalker Assassin)              Turns: 819, Time: 00:00:59

Health: 0/18       AC:  3    Str: 13    XL:     3   Next: 83%
Magic:  4/4        EV: 16    Int: 11    God:
Gold:   39         SH:  4    Dex: 21    Spells: 2/2 levels left

rFire    . . .     SeeInvis .   a - +2 dagger
rCold    . . .     Gourm    .   m - +0 buckler
rNeg     . . .     Faith    .   c - +0 robe
rPois    .         Spirit   +   (no helmet)
rElec    .         Reflect  .   d - +0 cloak
rCorr    .         Harm     .   (no gloves)
MR       .....                  (no boots)
Stlth    +++++.....             (no amulet)
HPRegen  0.06/turn              (no ring)
MPRegen  0.09/turn              (no ring)

@: agile, lethally poisoned (0 -> -2)
A: fangs 2, magic shield, antimagic bite, no potion heal 3, rot immunity
a: no special abilities


You were on level 2 of the Dungeon.
You were not hungry.

You visited 1 branch of the dungeon, and saw 2 of its levels.

You collected 39 gold pieces.

Inventory:

Hand Weapons
 a - a +2 dagger (weapon)
 b - a +0 blowgun
Missiles
 e - 21 poisoned needles
 f - 2 curare-tipped needles
Armour
 c - a +0 robe (worn)
 d - a +0 cloak (worn)
 m - a +0 buckler (worn)
Scrolls
 l - a scroll of recharging {unknown}
 n - a scroll of identify {unknown}
 o - a scroll of remove curse {unknown}
 r - a scroll of teleportation {unknown}
Potions
 h - a potion of mutation {unknown}
 i - a potion of experience {unknown}
 p - 2 potions of agility
Comestibles
 g - 2 bread rations
 j - a chunk of flesh
 k - a meat ration
 q - a royal jelly


   Skills:
 + Level 2.0 Fighting
 + Level 2.1 Short Blades
 + Level 2.0 Throwing
 + Level 0.7 Dodging
 + Level 6.0 Stealth


You had 2 spell levels left.
You didn't know any spells.

Dungeon Overview and Level Annotations

Branches:
Dungeon (2/15)

Altars:


Innate Abilities, Weirdness & Mutations

You have extremely sharp teeth.
When hurt, damage is shared between your health and your magic reserves.
Your bite disrupts and absorbs the magic of your enemies.
Potions cannot restore your health.
You are immune to rotting.


Message History

You closely miss the adder. Your bite misses the adder.
The adder is severely wounded.
The adder closely misses you.
You hit the adder. You bite the adder, but do no damage.
The adder is almost dead.
* * * LOW HITPOINT WARNING * * *
You feel sick. The adder bites you.
* * * LOW HITPOINT WARNING * * *
You miss the adder. You bite the adder. You drain its power.
You feel invigorated.
You kill the adder!
Your Stealth skill increases to level 6!
You see here an adder corpse.
* * * LOW HITPOINT WARNING * * *
You feel sick.
You see here an adder corpse.
* * * LOW HITPOINT WARNING * * *
You feel sick.
You see here a rat skeleton.
You die...

#..##..#.####.#### #
#...##........#
.##.#.###...##### ....#.#
##..# ##....## #.##
#.....###.# #######
####....##.#### #.....#
............†.#####.....#
#.......#.###...@.÷.....#
#.........# #######.....#
#......#### #.....#
######## #.....# #.....#
#######


There were no monsters in sight!

Vanquished Creatures
  3 adders (D:2)
  A worm (D:2)
  A dart slug (D:1)
  A bat (D:1)
  5 goblins (D:1)
  2 ball pythons (D:1)
  3 frilled lizards (D:1)
  4 kobolds (D:1)
  2 rats
22 creatures vanquished.

Notes
Turn   | Place    | Note
-------+----------+-------------------------------------------
     0 | D:1      | Manul the Vine Stalker Assassin began the quest for the Orb.
     0 | D:1      | Reached XP level 1. HP: 11/11 MP: 2/2
    32 | D:1      | Reached skill level 5 in Stealth
   101 | D:1      | Reached XP level 2. HP: 12/15 MP: 3/3
   400 | D:2      | Reached XP level 3. HP: 18/18 MP: 4/4
   808 | D:2      | Reached skill level 6 in Stealth
   819 | D:2      | Succumbed to an adder's poison

Vault maps used:
D:1:      lightli_iron_boxes
D:2:      grunt_ministairs_5, minmay_shallow_snake_nest

Skill      XL: |  1  2  3 |
---------------+----------+-----
Stealth        | 5 6 |  6.0
Throwing       | 2 |  2.0
Fighting       | 2 |  2.0
Short Blades   | 2 |  2.1
Dodging        | |  0.7

Action                   || total
-------------------------++-------
Melee: Dagger            ||    67
       Bite              ||    15
  Use: Potion            ||     2
 Stab: Sleeping          ||     4
Armor: Robe              ||    12
Dodge: Dodged            ||    25
Block: Buckler           ||     9

Table legend:
 A = Spawn XP
 B = Non-spawn XP
 C = Spawn XP percentage of total XP
 D = Spawn monster count
 E = Non-spawn monster count
 F = Spawn count percentage of total count
 G = Total turns spent on level
                    A         B        C        D         E        F      G
               +---------+---------+-------+---------+---------+-------+---------
         Total |      14 |      60 |  18.9 |       1 |      21 |   4.5 |   819
               +---------+---------+-------+---------+---------+-------+---------
           D:1 |       0 |      28 |   0.0 |       0 |      17 |   0.0 |   397
           D:2 |      14 |      32 |  30.4 |       1 |       4 |  20.0 |   422
               +---------+---------+-------+---------+---------+-------+---------
